 Dungeon Crawl Stone Soup version 0.30-a0-557-ge2afbf3030 (webtiles) character file.

Game seed: 8501492866190658841

220 jt the Shield-Bearer (level 5, 0/32 HPs)
             Began as a Gargoyle Fighter on Dec 27, 2022.
             Slain by an orc
             ... wielding a +0 war axe
              (6 damage)
             ... on level 3 of the Dungeon.
             The game lasted 00:04:12 (1879 turns).

jt the Shield-Bearer (Gargoyle Fighter)             Turns: 1879, Time: 00:04:13

Health: 0/32       AC: 13    Str: 26    XL:     5   Next: 97%
Magic:  0/5        EV:  8    Int:  8    God:
Gold:   102        SH:  5    Dex:  9    Spells: 4/4 levels left

rFire   + . .      SeeInvis .    a - +0 flail
rCold   . . .      Faith    .    c - +0 buckler
rNeg    + . .      Spirit   +    j - +0 chain mail
rPois   ∞          Reflect  .    (no helmet)
rElec   +          Harm     .    (no cloak)
rCorr   +          Rampage  .    (no gloves)
Will    .....                    (no boots) Stlth
                                 f - amulet of guardian spirit
HPRegen 0.25/turn                o - ring "Roamatog" {rF+ rCorr Str+4}
MPRegen 0.09/turn                (no ring)

@: no status effects
A: sickness immunity, AC +4, negative energy resistance 1, electricity
resistance, torment resistance 1, petrification resistance
a: no special abilities


You were on level 3 of the Dungeon.
You visited 1 branch of the dungeon, and saw 3 of its levels.

You collected 102 gold pieces.

Inventory:

Hand Weapons
 a - a +0 flail (weapon)
 g - a +0 spear
 k - a +2 heavy mace
 p - a +0 sling
Missiles
 e - 23 stones (quivered)
Armour
 b - a +0 scale mail
 c - a +0 buckler (worn)
 j - a +0 chain mail (worn)
Jewellery
 f - an amulet of guardian spirit (around neck)
 o - the ring "Roamatog" (left hand) {rF+ rCorr Str+4}
   (You found it on level 2 of the Dungeon)

   [ring of resist corrosion]

   Str:       It affects your strength (+4).
   rF:        It protects you from fire.
   rCorr:     It protects you from acid and corrosion.
Scrolls
 i - 2 scrolls of brand weapon {unknown}
 l - a scroll of noise {unknown}
 n - a scroll of magic mapping {unknown}
 q - a scroll of identify {unknown}
 s - a scroll of vulnerability {unknown}
Potions
 d - 2 potions of might
 m - a potion of brilliance {unknown}
 r - 2 potions of mutation {unknown}


   Skills:
 - Level 3.2 Fighting
 + Level 4.4 Maces & Flails
 - Level 3.2 Armour
 + Level 5.5 Shields


You had 4 spell levels left.
You didn't know any spells.
Your spell library contained the following spells:

 Spells                   Type           Power      Damage    Failure   Level
 Necrotise                Necr           0%         1d4       98%         1
 Vampiric Draining        Necr           0%         2d6       100%        3
 Agony                    Necr           0%         N/A       100%        5


Dungeon Overview and Level Annotations

Branches:
Dungeon (3/15)

Altars:


Innate Abilities, Weirdness & Mutations

You are immune to sickness and miasma.
Your stone body is resilient. (AC +4)
You are immune to poison.
You resist negative energy. (rN+)
You are resistant to electric shocks. (rElec)
You are resistant to unholy torment.
You are immune to petrification.


Message History

You are too injured to fight recklessly!
You are too injured to fight recklessly!
The orc priest barely misses you.
It was a potion of curing.
You feel better. The orc hits you with a +0 war axe.
The orc priest hits you with a +0 morningstar.
You sock the orc priest!
The orc priest is almost dead.
The orc hits you but does no damage. The orc completely misses you.
The orc priest hits you with a +0 morningstar.
A rat comes into view.
You hit the orc priest.
You kill the orc priest!
The orc barely misses you. You block the orc's attack.
You barely miss the orc. The orc hits you but does no damage.
The orc barely misses you. The orc hits you with a +0 war axe.
* * * LOW HITPOINT WARNING * * *
You block the orc's attack.
You feel better. The orc closely misses you. The orc barely misses you.
You closely miss the orc. The orc hits you but does no damage.
The orc barely misses you.
You barely miss the orc. You block the orc's attack.
The orc closely misses you.
Okay, then.
Okay, then.
You hit the orc but do no damage. The orc hits you but does no damage.
The orc hits you with a +0 war axe. The rat bites you but does no damage.
You barely miss the orc. The orc barely misses you. You block the orc's attack.
The rat closely misses you. You block the orc's attack.
The rat closely misses you. You block the orc's attack.
You hit the orc.
The orc is moderately wounded.
The orc hits you with a +0 war axe. The orc hits you but does no damage.
The rat completely misses you.
You barely miss the orc. The orc hits you with a +0 war axe.
* * * LOW HITPOINT WARNING * * *
The orc hits you but does no damage. The rat bites you but does no damage.
You closely miss the orc. The orc hits you with a +0 war axe.
* * * LOW HITPOINT WARNING * * *
The orc hits you with a +0 war axe!
You die...

......# ...#..#
#.##..# #.##..#
#.#.###.##..#
#.......)...#
##..##.##..#
###..##o##..#
......o@##..#
......r.##..# #
###..#####..#
.#####..# #..#
.....#..#####..#
#............#
#####.#........##
........########
..........#


You could see 2 orcs and a rat.

Vanquished Creatures
  3 orc priests (D:3)
  A gnoll (D:1)
  4 adders
  2 dart slugs (D:1)
  4 orcs (D:3)
  8 endoplasms
  2 giant cockroaches
  4 goblins
  4 hobgoblins
  14 jackals
  5 kobolds
  4 quokkas
  4 ball pythons
  3 bats
  5 frilled lizards
  5 rats
72 creatures vanquished.

Vanquished Creatures (others)
  A plant (D:2)
1 creature vanquished.

Grand Total: 73 creatures vanquished

Notes
Turn   | Place    | Note
-------+----------+-------------------------------------------
     0 | D:1      | jt the Gargoyle Fighter began the quest for the Orb.
     0 | D:1      | Reached XP level 1. HP: 14/14 MP: 1/1
    59 | D:1      | Reached XP level 2. HP: 15/19 MP: 2/2
   328 | D:1      | Reached XP level 3. HP: 16/23 MP: 1/3
   364 | D:1      | Reached skill level 4 in Shields
  1107 | D:2      | Reached XP level 4. HP: 27/28 MP: 4/4
  1342 | D:2      | Identified the ring "Roamatog" {rF+ rCorr Str+4}
  1699 | D:3      | Reached XP level 5. HP: 29/32 MP: 3/5
  1774 | D:3      | Reached skill level 5 in Shields
  1879 | D:3      | Slain by an orc

Illustrated notes

Levels and vault maps discovered:
D:1:      dpeg_arrival_rhombi, layout_basic
D:2:      layout_rooms, serial_forest, infiniplex_forest_lined_room_3,
          infiniplex_forest_straight_5, infiniplex_forest_zigzag_2,
          infiniplex_forest_straight_2, infiniplex_forest_end_double
D:3:      layout_loops_ring, nicolae_ru_path_of_blood, serial_shops, shop

Skill      XL: |  1  2  3  4  5 |
---------------+----------------+-----
Shields        | 4 5 |  5.5
Maces & Flails | 3 4 |  4.4
Fighting       | |  3.2
Armour         | |  3.2

Action                   |  1- 3 |  4- 6 || total
-------------------------+-------+-------++-------
Melee: Flail             |   114 |   154 ||   268
Throw: Stone             |       |     8 ||     8
  Use: Potion            |       |     3 ||     3
Armor: Scale mail        |    29 |       ||    29
       Chain mail        |    60 |   105 ||   165
Dodge: Dodged            |    40 |    74 ||   114
Block: Buckler           |    22 |    33 ||    55

Table legend: (Time is in decaauts)
 A = Elapsed time spent in this place.
 B = Non-inter-level travel time spent in this place.
 C = Inter-level travel time spent in this place.
 D = Time resting spent in this place.
 E = Time spent auto-exploring this place.
 F = Levels seen in this place.
 G = Mean time per level.
                   A        B        C        D        E       F      G
               +--------+--------+--------+--------+--------+-----+--------+
         Total |   1954 |   1922 |     32 |     29 |   1100 |   3 |  651.3 |
       Dungeon |   1954 |   1922 |     32 |     29 |   1100 |   3 |  651.3 |
               +--------+--------+--------+--------+--------+-----+--------+

Top non-repeatable levels by time:
     D:1: 1052 daAuts
     D:2: 652 daAuts
     D:3: 249 daAuts
